[Event "Eurasia Open Cup 2019"]
[Site "Ekaterinburg"]
[Date "2019.08.05"]
[Round "5.43"]
[White "Rudometov, Maxim"]
[Black "Kozlov, Denis"]
[Result "1/2-1/2"]
[ECO "D00"]
[WhiteElo "2233"]
[BlackElo "2013"]
[Annotator "NA"]
[PlyCount "254"]
[EventDate "2019.07.31"]
[EventType "swiss"]
[EventCountry "RUS"]
[SourceTitle "playchess.com"]
[Source "ChessBase"]
[SourceQuality "1"]
[TimeControl "5400+30"]

1. d4 Nf6 2. Bf4 d5 3. e3 c5 4. c3 Nc6 5. Nd2 Bf5 6. Ngf3 e6 7. Be2 Bd6 8. Bg3 O-O 9. O-O h6 10. Qa4 a6 11. dxc5 Bxc5 12. Nd4 Nxd4 13. cxd4 b5 14. Qb3 Be7 15. Rfc1 Qa5 16. Qd1 Rfc8 17. Nb3 Qb6 18. Rxc8+ Rxc8 19. Rc1 Rc6 20. f3 Ne8 21. Rxc6 Qxc6 22. Qc1 Qxc1+ 23. Nxc1 Nd6 24. Bxd6 Bxd6 25. Nb3 e5 26. g3 Kf8 27. Nc5 Bc8 28. b4 Ke7 29. Kf2 f6 30. Bd3 Bxc5 31. dxc5 g5 32. a3 Bd7 33. Bh7 Kf8 34. Bc2 Ke7 35. h4 Kf8 36. hxg5 hxg5 37. f4 Ke7 38. Kg2 Bc8 39. Kf3 Bd7 40. Bb3 gxf4 41. Bxd5 fxe3 42. Kxe3 f5 43. Kf3 Bc8 44. Kg2 Kf6 45. Kf3 Kg5 46. Ba8 Kf6 47. Ke3 Ke7 48. Kd2 Kd8 49. Kc3 Kc7 50. Bd5 Bd7 51. Kd3 Bc8 52. Ke3 Bd7 53. Kf2 Bc8 54. Kg2 Kd8 55. Kh3 Ke7 56. Ba8 Kf6 57. Kg2 Ke7 58. Kf2 Kf6 59. Bc6 Ke6 60. Ke3 Ke7 61. Kd3 Kd8 62. Ke3 Ke7 63. Bd5 Kf6 64. Bf3 Ke7 65. Kd2 Kf6 66. Kc3 Ke7 67. Bd5 Kf6 68. Kb3 Ke7 69. a4 Be6 70. Bxe6 bxa4+ 71. Kxa4 Kxe6 72. Ka5 e4 73. c6 e3 74. Kb6 e2 75. c7 e1=Q 76. c8=Q+ Ke7 77. Qc7+ Ke6 78. Qc4+ Ke7 79. Qf4 Qe6+ 80. Kb7 Qd5+ 81. Kxa6 Qc6+ 82. Ka7 Qd7+ 83. Kb6 Qe6+ 84. Kc5 Qc8+ 85. Kd4 Qd7+ 86. Kc3 Qc6+ 87. Kd2 Qd5+ 88. Kc2 Qc6+ 89. Kd3 Qd5+ 90. Kc3 Qc6+ 91. Qc4 Qf3+ 92. Qd3 Qc6+ 93. Kb3 Qe6+ 94. Ka3 Qc6 95. b5 Qc5+ 96. Ka4 Ke6 97. Qb3+ Kd7 98. Qf7+ Kc8 99. Qe6+ Kb8 100. Qe8+ Kb7 101. Qf7+ Kb6 102. Qe6+ Kb7 103. Qb3 Kb6 104. Qd3 Kb7 105. Ka5 Qc7+ 106. Kb4 Qe7+ 107. Kc4 Qc7+ 108. Kb3 Qc5 109. Qc4 Qe3+ 110. Qc3 Qe6+ 111. Kb4 Qe7+ 112. Ka4 Qe6 113. Qd3 Kb6 114. Qd4+ Kb7 115. Ka3 Qe7+ 116. Kb3 Qe6+ 117. Ka3 Qe7+ 118. Ka4 Qe6 119. Qd3 Kb6 120. Qd8+ Kb7 121. Qd4 Qa2+ 122. Kb4 Qe6 123. Qd3 Qe7+ 124. Kc4 Qc7+ 125. Kb3 Qe5 126. Kc2 Qc5+ 127. Kb3 Kb6 1/2-1/2

[Event "Eurasia Open Cup 2019"]
[Site "Ekaterinburg"]
[Date "2019.08.05"]
[Round "5.44"]
[White "Dubnikova, Anastasia"]
[Black "Pranizin, Gennady"]
[Result "0-1"]
[ECO "D26"]
[WhiteElo "1991"]
[BlackElo "2232"]
[Annotator "NA"]
[PlyCount "70"]
[EventDate "2019.07.31"]
[EventType "swiss"]
[EventCountry "RUS"]
[SourceTitle "playchess.com"]
[Source "ChessBase"]
[SourceQuality "1"]
[TimeControl "5400+30"]

1. d4 d5 2. c4 dxc4 3. Nf3 Nf6 4. e3 e6 5. Bxc4 Bd6 6. O-O O-O 7. Qe2 Nc6 8. Rd1 Qe7 9. Nc3 e5 10. d5 e4 11. dxc6 exf3 12. Qxf3 bxc6 13. h3 Qe5 14. Qf4 Qh5 15. Be2 Qa5 16. Qa4 Qe5 17. f4 Qe7 18. e4 Bc5+ 19. Kh1 Ng4 20. Bxg4 Bxg4 21. Rd3 Rad8 22. Qc2 Qh4 23. Kh2 Rxd3 24. Qxd3 Rd8 25. Qf1 Bf2 26. e5 Bf5 27. a4 Rd3 28. Ra3 Bc5 29. Rb3 Bxh3 30. gxh3 Qg3+ 31. Kh1 Rf3 32. Rb8+ Bf8 33. Qxf3 Qxf3+ 34. Kg1 f6 35. exf6 Kf7 0-1

[Event "Eurasia Open Cup 2019"]
[Site "Ekaterinburg"]
[Date "2019.08.05"]
[Round "5.45"]
[White "Morgachev, Sergey"]
[Black "Navrodskiy, Boris"]
[Result "1-0"]
[ECO "A84"]
[WhiteElo "1965"]
[BlackElo "2223"]
[Annotator "NA"]
[PlyCount "83"]
[EventDate "2019.07.31"]
[EventType "swiss"]
[EventCountry "RUS"]
[SourceTitle "playchess.com"]
[Source "ChessBase"]
[SourceQuality "1"]
[TimeControl "5400+30"]

1. d4 d5 2. c4 e6 3. Nf3 c6 4. e3 Bd6 5. Bd3 f5 6. O-O Nf6 7. b3 Qe7 8. Bb2 O-O 9. Nc3 Ne4 10. Rc1 Nd7 11. Ne2 Qf6 12. Nf4 g5 13. Nh5 Qh6 14. Ne5 Nef6 15. Nxf6+ Nxf6 16. f3 Bd7 17. Qd2 Be8 18. Bc3 Nd7 19. f4 Qg7 20. Bb4 Bxb4 21. Qxb4 Nxe5 22. dxe5 Rd8 23. cxd5 exd5 24. Qd4 gxf4 25. exf4 Bh5 26. Rf2 a6 27. Rc3 Qe7 28. b4 Qe6 29. a4 Be8 30. Rb2 Rf7 31. b5 axb5 32. axb5 Ra8 33. Rc1 Rg7 34. bxc6 bxc6 35. Rcb1 Qg6 36. Bf1 Rga7 37. Rb8 Ra4 38. R8b4 Ra2 39. Rb8 R8a4 40. Qe3 R4a3 41. Qc5 Rf3 42. Rxe8+ 1-0

[Event "Eurasia Open Cup 2019"]
[Site "Ekaterinburg"]
[Date "2019.08.06"]
[Round "6.1"]
[White "Bocharov, Ivan"]
[Black "Pridorozhni, Aleksei"]
[Result "0-1"]
[ECO "A28"]
[WhiteElo "2559"]
[BlackElo "2586"]
[Annotator "ChessBase"]
[PlyCount "120"]
[EventDate "2019.07.31"]
[EventType "swiss"]
[EventCountry "RUS"]
[SourceTitle "playchess.com"]
[Source "ChessBase"]
[SourceQuality "1"]
[TimeControl "5400+30"]

1. c4 e5 2. Nc3 Nc6 3. Nf3 Nf6 4. e3 Bb4 5. Qc2 a5 6. a3 Bc5 7. Nb5 d6 8. d4 Ba7 9. Bd2 exd4 10. exd4 Bg4 11. Nxa7 Rxa7 12. d5 Bxf3 13. gxf3 Nd4 14. Qc3 Qe7+ 15. Kd1 c5 16. dxc6 Ne6 17. Qe3 bxc6 18. Rg1 d5 19. Kc2 O-O 20. Re1 g6 21. Bh3 d4 22. Qe2 Rd8 23. Kb1 Re8 24. Bxe6 Qxe6 25. Qd3 Qd7 26. Bg5 Rxe1+ 27. Rxe1 Kg7 28. Re5 Qd6 29. Qe2 a4 30. c5 Qd7 31. Qd2 Ng8 32. Re4 f6 33. Bf4 Qf5 34. Qxd4 Ne7 35. Qd6 Rd7 36. Qe6 Qxe6 37. Rxe6 Kf7 38. Re4 Ra7 39. Bb8 Ra8 40. Rb4 Nd5 41. Rb7+ Ke6 42. Kc2 h5 43. Kd3 g5 44. Bd6 Ra5 45. Kc4 Ra8 46. b4 axb3 47. Kxb3 h4 48. a4 Ra6 49. Bc7 Kf5 50. Bb6 Kf4 51. Ra7 Rxa7 52. Bxa7 Kxf3 53. Bb8 Ne7 54. a5 Kxf2 55. a6 Nc8 56. a7 Nxa7 57. Bxa7 g4 58. Bb8 f5 59. Kc2 g3 60. hxg3 h3 0-1

[Event "Eurasia Open Cup 2019"]
[Site "Ekaterinburg"]
[Date "2019.08.06"]
[Round "6.2"]
[White "Sargsyan, Shant"]
[Black "Kunin, Vitaly"]
[Result "1/2-1/2"]
[ECO "C41"]
[WhiteElo "2529"]
[BlackElo "2527"]
[Annotator "ChessBase"]
[PlyCount "132"]
[EventDate "2019.07.31"]
[EventType "swiss"]
[EventCountry "RUS"]
[SourceTitle "playchess.com"]
[Source "ChessBase"]
[SourceQuality "1"]
[TimeControl "5400+30"]

1. e4 d6 2. d4 Nf6 3. Nc3 e5 4. Nf3 Nbd7 5. Bc4 Be7 6. O-O O-O 7. Re1 c6 8. a4 exd4 9. Nxd4 Ne5 10. Bb3 Re8 11. h3 Bd7 12. f4 Ng6 13. Be3 Qc7 14. Qf3 Rad8 15. Rad1 a6 16. g4 c5 17. Nf5 Bf8 18. Bd5 Be6 19. Bf2 Nxd5 20. Nxd5 Bxd5 21. Rxd5 b5 22. axb5 axb5 23. Red1 Qa5 24. h4 Ne7 25. R5d2 Nxf5 26. exf5 d5 27. Rxd5 Rxd5 28. Rxd5 Qa1+ 29. Kg2 Qxb2 30. Qb3 Qxb3 31. cxb3 c4 32. bxc4 bxc4 33. Bd4 Be7 34. Re5 f6 35. Re6 Kf7 36. Rc6 Rb8 37. Rc7 Rb5 38. h5 h6 39. Kf3 c3 40. Ke4 c2 41. Rxc2 Rb7 42. Rc6 Rd7 43. Ra6 Rb7 44. Ra4 Rd7 45. Ra2 Rb7 46. Ra1 Rd7 47. Ra4 Kf8 48. Bb6 Kf7 49. Ra8 Rb7 50. Bd4 Rd7 51. Rc8 Rb7 52. Kd3 Rd7 53. Ke3 Rb7 54. Ke4 Rd7 55. Ra8 Rb7 56. Ra4 Rd7 57. Be3 Kf8 58. Ra6 Kf7 59. Ra8 Bd8 60. Kf3 Be7 61. Ra2 Bd8 62. Bc5 Be7 63. Bxe7 Rxe7 64. g5 fxg5 65. fxg5 hxg5 66. Kg4 Re1 1/2-1/2

[Event "Eurasia Open Cup 2019"]
[Site "Ekaterinburg"]
[Date "2019.08.06"]
[Round "6.3"]
[White "Alekseev, Evgeny"]
[Black "Gleizerov, Evgeny"]
[Result "1-0"]
[ECO "C01"]
[WhiteElo "2645"]
[BlackElo "2498"]
[Annotator "ChessBase"]
[PlyCount "55"]
[EventDate "2019.07.31"]
[EventType "swiss"]
[EventCountry "RUS"]
[SourceTitle "playchess.com"]
[Source "ChessBase"]
[SourceQuality "1"]
[TimeControl "5400+30"]

1. e4 e6 2. d4 d5 3. Bd3 c5 4. exd5 exd5 5. Nf3 c4 6. Be2 Bd6 7. b3 cxb3 8. axb3 Ne7 9. O-O Nbc6 10. Na3 O-O 11. c3 a6 12. Nc2 Rb8 13. Ne3 b5 14. Bd3 h6 15. Bc2 a5 16. Qd3 f5 17. Re1 f4 18. Qh7+ Kf7 19. Ng5+ hxg5 20. Qh5+ g6 21. Qh7+ Ke8 22. Bxg6+ Kd7 23. Nxd5 Na7 24. Rxa5 Qxa5 25. Rxe7+ Kc6 26. Rxa7 Qd8 27. Be4 Rh8 28. Qg7 1-0

[Event "Eurasia Open Cup 2019"]
[Site "Ekaterinburg"]
[Date "2019.08.06"]
[Round "6.4"]
[White "Khismatullin, Denis"]
[Black "Davtyan, Artur"]
[Result "1-0"]
[ECO "A13"]
[WhiteElo "2618"]
[BlackElo "2440"]
[Annotator "ChessBase"]
[PlyCount "123"]
[EventDate "2019.07.31"]
[EventType "swiss"]
[EventCountry "RUS"]
[SourceTitle "playchess.com"]
[Source "ChessBase"]
[SourceQuality "1"]
[TimeControl "5400+30"]

1. c4 e6 2. Nf3 d5 3. g3 Nf6 4. Bg2 dxc4 5. Qa4+ Bd7 6. Qxc4 c5 7. Ne5 Qc8 8. Qd3 Nc6 9. Nxd7 Qxd7 10. Qxd7+ Kxd7 11. Nc3 Be7 12. b3 Rhd8 13. Bb2 Rac8 14. e3 Ke8 15. Ke2 Rd7 16. Nb5 a6 17. Na3 b5 18. Nc2 Kf8 19. Rhc1 Nd5 20. Ne1 Na5 21. Nf3 Rdd8 22. Ne5 f6 23. Nf3 Kf7 24. h4 c4 25. Bh3 Bc5 26. Rcb1 Rc6 27. Bc1 c3 28. e4 c2 29. exd5 Rxd5 30. Rb2 Ba3 31. Rxc2 Rxc2 32. Bxa3 g6 33. Rc1 Rxc1 34. Bxc1 Nc6 35. Bg2 b4 36. Ne1 Nd4+ 37. Kd1 Ra5 38. Bb2 e5 39. Bxd4 exd4 40. Nc2 Rxa2 41. Bf1 Ra5 42. Bc4+ Ke7 43. Nxb4 Ra1+ 44. Ke2 a5 45. Nc6+ Kd6 46. Nxd4 a4 47. bxa4 Rxa4 48. d3 Ra8 49. Kf3 Ke5 50. Nb5 f5 51. d4+ Kf6 52. Ke3 h6 53. d5 g5 54. h5 Ra1 55. d6 f4+ 56. gxf4 gxf4+ 57. Ke4 Ra6 58. Nc7 Ra1 59. Ne8+ Kg5 60. d7 Ra8 61. Nc7 Rh8 62. Ne8 1-0

[Event "Eurasia Open Cup 2019"]
[Site "Ekaterinburg"]
[Date "2019.08.06"]
[Round "6.5"]
[White "Kostenko, Petr"]
[Black "Kokarev, Dmitry"]
[Result "0-1"]
[ECO "A48"]
[WhiteElo "2471"]
[BlackElo "2607"]
[Annotator "ChessBase"]
[PlyCount "126"]
[EventDate "2019.07.31"]
[EventType "swiss"]
[EventCountry "RUS"]
[SourceTitle "playchess.com"]
[Source "ChessBase"]
[SourceQuality "1"]
[TimeControl "5400+30"]

1. d4 Nf6 2. Nf3 g6 3. Nbd2 c5 4. dxc5 Qa5 5. a3 Qxc5 6. b4 Qc7 7. Bb2 Bg7 8. e3 O-O 9. Be2 b6 10. O-O Bb7 11. c4 d6 12. Rc1 Nbd7 13. Nd4 a6 14. Bf3 Rfc8 15. Qe2 Bxf3 16. N2xf3 Qb7 17. Rfd1 Rc7 18. Rc2 Rac8 19. Rdc1 Ne4 20. Ne1 Ne5 21. Nb3 d5 22. cxd5 Rxc2 23. Rxc2 Rxc2 24. Qxc2 Qxd5 25. Bd4 Nc4 26. a4 e5 27. Ba1 Bf8 28. Qd3 Nf6 29. b5 axb5 30. axb5 Bd6 31. f4 Bb4 32. e4 Qxe4 33. Qxe4 Nxe4 34. Nd3 Bc3 35. fxe5 Bxa1 36. Nxa1 Nc3 37. Kf2 f6 38. exf6 Kf7 39. Nc2 Nxb5 40. g4 Kxf6 41. h4 Ke6 42. Ncb4 Nc3 43. Kg3 Ne5 44. Nf4+ Kd6 45. g5 Ne4+ 46. Kg2 b5 47. Kh3 Nc6 48. Nbd3 Nc5 49. Nf2 Ke5 50. Ne2 b4 51. Ng4+ Kf5 52. Nc1 Ne5 53. Nf6 h5 54. Nd5 b3 55. Nxb3 Nxb3 56. Kg3 Nd4 57. Nc7 Ke4 58. Ne8 Nf5+ 59. Kh3 Nd3 60. Nf6+ Kf3 61. Nh7 Nf4+ 62. Kh2 Kg4 63. Nf8 Kxh4 0-1

[Event "Eurasia Open Cup 2019"]
[Site "Ekaterinburg"]
[Date "2019.08.06"]
[Round "6.6"]
[White "Kozionov, Kirill"]
[Black "Shaposhnikov, Evgeny"]
[Result "1/2-1/2"]
[ECO "E09"]
[WhiteElo "2454"]
[BlackElo "2575"]
[Annotator "ChessBase"]
[PlyCount "86"]
[EventDate "2019.07.31"]
[EventType "swiss"]
[EventCountry "RUS"]
[SourceTitle "playchess.com"]
[Source "ChessBase"]
[SourceQuality "1"]
[TimeControl "5400+30"]

1. d4 Nf6 2. c4 e6 3. g3 d5 4. Nf3 Bb4+ 5. Bd2 Be7 6. Bg2 O-O 7. O-O Nbd7 8. Qc2 c6 9. Bf4 Nh5 10. Bc1 Nhf6 11. Nbd2 b6 12. e4 a5 13. b3 Ba6 14. Bb2 Rc8 15. Rfe1 h6 16. Rad1 Bb4 17. a3 Be7 18. Ne5 Nxe5 19. dxe5 Nd7 20. cxd5 cxd5 21. Qb1 d4 22. Nf3 Qc7 23. Nxd4 Nxe5 24. f4 Nc6 25. Nxc6 Qxc6 26. Rc1 Qd7 27. Red1 Rxc1 28. Qxc1 Bc5+ 29. Kh1 Qe7 30. b4 axb4 31. axb4 Bxb4 32. Bxg7 Kxg7 33. Qa1+ Qf6 34. Qxa6 Rd8 35. Rxd8 Qxd8 36. Qa1+ Kg8 37. e5 Kg7 38. Be4 Qd2 39. Qf1 Bc5 40. Bd3 Qe3 41. Kg2 Qd2+ 42. Qe2 Qxe2+ 43. Bxe2 f6 1/2-1/2

[Event "Eurasia Open Cup 2019"]
[Site "Ekaterinburg"]
[Date "2019.08.06"]
[Round "6.7"]
[White "Nesterov, Arseniy"]
[Black "Zhigalko, Andrey"]
[Result "1-0"]
[ECO "E73"]
[WhiteElo "2451"]
[BlackElo "2549"]
[Annotator "ChessBase"]
[PlyCount "83"]
[EventDate "2019.07.31"]
[EventType "swiss"]
[EventCountry "RUS"]
[SourceTitle "playchess.com"]
[Source "ChessBase"]
[SourceQuality "1"]
[TimeControl "5400+30"]

1. d4 Nf6 2. c4 g6 3. Nc3 Bg7 4. e4 d6 5. Be2 O-O 6. Bg5 Na6 7. Qd2 Qe8 8. Bd1 Qc6 9. Qe2 h6 10. Bd2 Qb6 11. Nf3 c5 12. e5 Nh5 13. dxc5 Nxc5 14. O-O Qxb2 15. Rb1 Qa3 16. Nd5 Qxa2 17. Rb5 Bd7 18. Ra5 Qb2 19. Qe3 b6 20. Bc3 Qb1 21. Nxe7+ Kh7 22. Rxc5 bxc5 23. Nd2 Qb6 24. Bxh5 dxe5 25. Bf3 Rae8 26. Nd5 Qc6 27. Ra1 a6 28. Nb3 e4 29. Bxg7 Kxg7 30. Bxe4 Qd6 31. Qc3+ Qe5 32. Nxc5 Bc6 33. Qxe5+ Rxe5 34. f4 Ree8 35. Rxa6 Rc8 36. Nd3 Bb7 37. Ra4 Rfe8 38. Bf3 g5 39. Ra7 Ba8 40. Ne5 Rf8 41. Nb6 Rc5 42. Bxa8 1-0

[Event "Eurasia Open Cup 2019"]
[Site "Ekaterinburg"]
[Date "2019.08.06"]
[Round "6.8"]
[White "Kabanov, Nikolai"]
[Black "Moiseenko, Vadim"]
[Result "1/2-1/2"]
[ECO "B51"]
[WhiteElo "2450"]
[BlackElo "2523"]
[Annotator "ChessBase"]
[PlyCount "121"]
[EventDate "2019.07.31"]
[EventType "swiss"]
[EventCountry "RUS"]
[SourceTitle "playchess.com"]
[Source "ChessBase"]
[SourceQuality "1"]
[TimeControl "5400+30"]

1. e4 c5 2. Nf3 d6 3. Bb5+ Nd7 4. d4 cxd4 5. Qxd4 a6 6. Bxd7+ Qxd7 7. Nc3 e5 8. Qd3 Qc6 9. O-O Be6 10. Rd1 Bc4 11. Qe3 Rc8 12. Nd2 Be6 13. Nf1 Nf6 14. h3 Be7 15. Qf3 O-O 16. Bg5 b5 17. a3 Kh8 18. Bxf6 Bxf6 19. Ne3 Bg5 20. Nf5 Rcd8 21. Qg3 Bf6 22. Qf3 Bg5 23. Qg3 Bf6 24. Ne3 g6 25. Ncd5 Bg7 26. Qh4 f5 27. exf5 gxf5 28. f4 Bxd5 29. Nxd5 Qxc2 30. Rac1 Qb3 31. Rd2 Rc8 32. Rxc8 Rxc8 33. Nf6 Qe3+ 34. Kh2 Qxf4+ 35. Qxf4 exf4 36. Rxd6 a5 37. b4 axb4 38. axb4 Bxf6 39. Rxf6 Rc4 40. Rxf5 Rxb4 41. h4 f3 42. gxf3 Rxh4+ 43. Kg3 Rb4 44. Rf7 Rc4 45. Rb7 Rc5 46. f4 h5 47. Kf3 Kg8 48. Ke4 h4 49. Kf3 h3 50. Kg3 Rc3+ 51. Kh2 Rb3 52. f5 b4 53. f6 Kf8 54. Kh1 Rb2 55. Kg1 Rb1+ 56. Kh2 Rb3 57. Kh1 Rb2 58. Kg1 b3 59. Kh1 h2 60. f7 Kg7 61. f8=Q+ 1/2-1/2

[Event "Eurasia Open Cup 2019"]
[Site "Ekaterinburg"]
[Date "2019.08.06"]
[Round "6.9"]
[White "Khusenkhojaev, Muhammad"]
[Black "Vokhidov, Shamsiddin"]
[Result "1-0"]
[ECO "E11"]
[WhiteElo "2441"]
[BlackElo "2515"]
[Annotator "ChessBase"]
[PlyCount "139"]
[EventDate "2019.07.31"]
[EventType "swiss"]
[EventCountry "RUS"]
[SourceTitle "playchess.com"]
[Source "ChessBase"]
[SourceQuality "1"]
[TimeControl "5400+30"]

1. d4 Nf6 2. c4 e6 3. g3 d5 4. Nf3 Bb4+ 5. Bd2 Be7 6. Bg2 c6 7. Qc2 O-O 8. O-O Nbd7 9. Rd1 b6 10. b3 Bb7 11. Nc3 Rc8 12. e4 c5 13. exd5 exd5 14. Bf4 dxc4 15. d5 Nh5 16. Be3 Bd6 17. bxc4 Nhf6 18. Bh3 h6 19. a4 Ba6 20. Nb5 Bb8 21. Bc1 Bb7 22. Bb2 a6 23. Nc3 Re8 24. a5 Bd6 25. axb6 Rb8 26. Na4 Nxb6 27. Nxb6 Qxb6 28. Bxf6 gxf6 29. Rab1 Qc7 30. Nh4 Bf8 31. Nf5 Qe5 32. Qa4 Qe4 33. Ne3 Red8 34. Rb6 Rxd5 35. Bg2 Qe8 36. Ra1 Qxa4 37. Rxa4 Rd7 38. Ra1 Kg7 39. Rab1 Bxg2 40. Rxb8 Be4 41. Rd1 Rxd1+ 42. Nxd1 a5 43. Ne3 a4 44. Rb6 f5 45. Ra6 f4 46. gxf4 Be7 47. f3 Bd3 48. Rxa4 Bf6 49. Ra3 Bh7 50. Kf2 Bd4 51. Ke2 h5 52. Ra7 h4 53. Ng4 h3 54. Ne5 Bg8 55. Rc7 Bg1 56. Ng4 Kg6 57. f5+ Kg5 58. Nf2 Kxf5 59. Rxc5+ Kg6 60. Rc8 Kg7 61. Nxh3 Bxh2 62. f4 Bh7 63. Rc5 Be4 64. Ke3 f5 65. Nf2 Bc2 66. Rc8 Bg3 67. c5 Kf7 68. Rh8 Ke6 69. Rh3 Bxf2+ 70. Kxf2 1-0

[Event "Eurasia Open Cup 2019"]
[Site "Ekaterinburg"]
[Date "2019.08.06"]
[Round "6.10"]
[White "Shubin, Kirill"]
[Black "Bocharov, Dmitry"]
[Result "1-0"]
[ECO "B31"]
[WhiteElo "2426"]
[BlackElo "2506"]
[Annotator "ChessBase"]
[PlyCount "83"]
[EventDate "2019.07.31"]
[EventType "swiss"]
[EventCountry "RUS"]
[SourceTitle "playchess.com"]
[Source "ChessBase"]
[SourceQuality "1"]
[TimeControl "5400+30"]

1. e4 c5 2. Nf3 Nc6 3. Bb5 g6 4. Bxc6 dxc6 5. d3 Bg7 6. h3 Nf6 7. a4 Nd7 8. a5 O-O 9. O-O Rb8 10. Bf4 e5 11. Be3 b6 12. axb6 axb6 13. Nbd2 Re8 14. Nc4 Qc7 15. Qd2 Nf8 16. Bh6 Bh8 17. Ra3 Ne6 18. Rfa1 b5 19. Ra7 Rb7 20. Rxb7 Bxb7 21. Ne3 Ra8 22. Rxa8+ Bxa8 23. Ng4 f6 24. Qc3 Bb7 25. b4 cxb4 26. Qxb4 Kf7 27. Qb3 Bc8 28. d4 exd4 29. Nxd4 Qd6 30. Nf3 Bd7 31. e5 fxe5 32. Ng5+ Ke8 33. Nxh7 Kd8 34. Ng5 Kc7 35. Nf7 Qd1+ 36. Kh2 Nd4 37. Qa3 Ne2 38. Qa7+ Kc8 39. f3 Bxg4 40. Bf8 Bf6 41. Nd6+ Kd8 42. Qb8+ 1-0

[Event "Eurasia Open Cup 2019"]
[Site "Ekaterinburg"]
[Date "2019.08.06"]
[Round "6.11"]
[White "Burmakin, Vladimir"]
[Black "Popov, Mikhail"]
[Result "1/2-1/2"]
[ECO "A43"]
[WhiteElo "2506"]
[BlackElo "2397"]
[Annotator "ChessBase"]
[PlyCount "82"]
[EventDate "2019.07.31"]
[EventType "swiss"]
[EventCountry "RUS"]
[SourceTitle "playchess.com"]
[Source "ChessBase"]
[SourceQuality "1"]
[TimeControl "5400+30"]

1. d4 Nf6 2. Nf3 g6 3. g3 Bg7 4. Bg2 c5 5. d5 O-O 6. O-O d6 7. Nc3 Na6 8. e4 Nc7 9. a4 a6 10. Re1 Bg4 11. h3 Bxf3 12. Qxf3 b5 13. Qe2 Rb8 14. Kh2 Nd7 15. f4 Nb6 16. axb5 axb5 17. Nxb5 Nxb5 18. Qxb5 Nxd5 19. Qe2 Nb6 20. e5 dxe5 21. fxe5 e6 22. Ra7 Nd5 23. Rd1 Rb6 24. c4 Qb8 25. Ra5 Nb4 26. Rxc5 Na2 27. Bf4 Rxb2 28. Qf3 Qb6 29. Qa3 Nc3 30. Rd2 Rxd2 31. Bxd2 Nb1 32. Qa5 Qb2 33. Bb4 Bh6 34. h4 Nd2 35. Qa3 Nf3+ 36. Kh3 Ng1+ 37. Kh2 Qf2 38. Ra5 Be3 39. Ra8 Nf3+ 40. Kh3 Ng1+ 41. Kh2 Nf3+ 1/2-1/2

[Event "Eurasia Open Cup 2019"]
[Site "Ekaterinburg"]
[Date "2019.08.06"]
[Round "6.12"]
[White "Cherniaev, Alexander"]
[Black "Drygalov, Sergey"]
[Result "1/2-1/2"]
[ECO "B22"]
[WhiteElo "2396"]
[BlackElo "2492"]
[Annotator "ChessBase"]
[PlyCount "98"]
[EventDate "2019.07.31"]
[EventType "swiss"]
[EventCountry "RUS"]
[SourceTitle "playchess.com"]
[Source "ChessBase"]
[SourceQuality "1"]
[TimeControl "5400+30"]

1. e4 c5 2. c3 Nf6 3. e5 Nd5 4. Nf3 Nc6 5. Bc4 Nb6 6. Bb3 c4 7. Bc2 d6 8. exd6 Qxd6 9. O-O Bg4 10. Re1 e6 11. b3 Be7 12. Na3 cxb3 13. axb3 Nd5 14. Nc4 Qc7 15. Be4 O-O 16. Bxd5 exd5 17. Ne3 Be6 18. Ba3 Bxa3 19. Rxa3 Qd6 20. Ra4 Rfe8 21. Qc2 h6 22. Nd4 Bd7 23. Rea1 a6 24. Nxc6 Bxc6 25. Rg4 Qf6 26. f3 Re5 27. Rd4 Qe6 28. Rf1 Re8 29. Rf2 Bb5 30. h3 h5 31. h4 Qf6 32. g3 Qe6 33. Rg2 Rc8 34. Qc1 Re8 35. Kf2 a5 36. Kg1 Bc6 37. Qc2 b5 38. g4 g6 39. f4 Rxe3 40. dxe3 Qxe3+ 41. Qf2 Qc1+ 42. Kh2 Re1 43. Qd2 hxg4 44. Qxc1 Rxc1 45. Rxg4 Rxc3 46. Rg3 Rc2+ 47. Rg2 Rc3 48. Rg3 Rc2+ 49. Rg2 Rc3 1/2-1/2

[Event "Eurasia Open Cup 2019"]
[Site "Ekaterinburg"]
[Date "2019.08.06"]
[Round "6.13"]
[White "Fotin, Vladimir"]
[Black "Balashov, Yuri S"]
[Result "1-0"]
[ECO "D41"]
[WhiteElo "2368"]
[BlackElo "2474"]
[Annotator "ChessBase"]
[PlyCount "118"]
[EventDate "2019.07.31"]
[EventType "swiss"]
[EventCountry "RUS"]
[SourceTitle "playchess.com"]
[Source "ChessBase"]
[SourceQuality "1"]
[TimeControl "5400+30"]

1. Nf3 Nf6 2. c4 e6 3. g3 d5 4. Bg2 c5 5. cxd5 Nxd5 6. O-O Nc6 7. Nc3 Be7 8. d4 O-O 9. Nxd5 exd5 10. dxc5 Bxc5 11. Bg5 f6 12. Bf4 Be6 13. Rc1 Bb6 14. a3 Qe7 15. h3 Rad8 16. Ne1 Bf5 17. Nd3 Be4 18. b4 Rfe8 19. Re1 Bxg2 20. Kxg2 Qe4+ 21. f3 Qg6 22. Nc5 Qf7 23. Qd3 Ne5 24. Bxe5 Rxe5 25. Qd4 a5 26. Rcd1 h5 27. h4 Re7 28. Rd2 Qg6 29. Qf2 Qe8 30. Rd3 axb4 31. axb4 Ba7 32. Kf1 Bb8 33. Kg2 Qb5 34. Rd4 Be5 35. Rd3 Qxb4 36. Red1 b6 37. Nb3 Rde8 38. e3 Bc3 39. Nc1 Qb2 40. Ne2 d4 41. e4 f5 42. Nxc3 Qxf2+ 43. Kxf2 dxc3 44. Rxc3 fxe4 45. f4 Ra8 46. Rb1 Ra2+ 47. Ke3 Rg2 48. Kd4 Rd2+ 49. Ke3 Rg2 50. Kd4 e3 51. Rxe3 Rxe3 52. Kxe3 Rxg3+ 53. Ke4 Rg6 54. Kf5 Rc6 55. Kg5 g6 56. f5 gxf5 57. Kxh5 f4 58. Kg4 Rf6 59. Kf3 Kf7 1-0

[Event "Eurasia Open Cup 2019"]
[Site "Ekaterinburg"]
[Date "2019.08.06"]
[Round "6.14"]
[White "Guseva, Marina"]
[Black "Khanin, Semen"]
[Result "0-1"]
[ECO "D80"]
[WhiteElo "2379"]
[BlackElo "2517"]
[Annotator "ChessBase"]
[PlyCount "90"]
[EventDate "2019.07.31"]
[EventType "swiss"]
[EventCountry "RUS"]
[SourceTitle "playchess.com"]
[Source "ChessBase"]
[SourceQuality "1"]
[TimeControl "5400+30"]

1. d4 Nf6 2. c4 g6 3. Nc3 d5 4. Bg5 c5 5. Bxf6 exf6 6. cxd5 Qb6 7. Nf3 cxd4 8. Nxd4 Qxb2 9. Qc1 Qb4 10. e3 Qa5 11. Bb5+ Nd7 12. O-O a6 13. Bxd7+ Bxd7 14. Ne4 Be7 15. d6 Qe5 16. Qb1 f5 17. Qxb7 Qxe4 18. Qxe4 fxe4 19. dxe7 Kxe7 20. Rfb1 Rab8 21. Kf1 Rhc8 22. Ke2 Kd6 23. Kd2 Be6 24. a3 Bc4 25. Rb4 a5 26. Rxb8 Rxb8 27. Rc1 Kd5 28. Kc3 Bd3 29. Rd1 g5 30. h4 Rc8+ 31. Kb3 Rb8+ 32. Kc3 f6 33. hxg5 fxg5 34. Rh1 Rc8+ 35. Kb3 Rf8 36. Rh5 h6 37. Rxh6 Rxf2 38. Kc3 Rxg2 39. Rf6 a4 40. Rf5+ Kd6 41. Ra5 g4 42. Rxa4 g3 43. Ra5 Rg1 44. Rg5 g2 45. Nf5+ Ke5 0-1

[Event "Eurasia Open Cup 2019"]
[Site "Ekaterinburg"]
[Date "2019.08.06"]
[Round "6.15"]
[White "Afanasiev, Nikita"]
[Black "Chekletsov, Ilya"]
[Result "1-0"]
[ECO "B53"]
[WhiteElo "2514"]
[BlackElo "2374"]
[Annotator "ChessBase"]
[PlyCount "129"]
[EventDate "2019.07.31"]
[EventType "swiss"]
[EventCountry "RUS"]
[SourceTitle "playchess.com"]
[Source "ChessBase"]
[SourceQuality "1"]
[TimeControl "5400+30"]

1. e4 c5 2. Nf3 d6 3. d4 cxd4 4. Qxd4 Nc6 5. Bb5 Bd7 6. Qd3 Nf6 7. c4 e6 8. Nc3 Be7 9. O-O O-O 10. Rd1 a6 11. Ba4 Qa5 12. Qe2 Ne5 13. Bc2 Nxf3+ 14. Qxf3 Rac8 15. b3 b5 16. Bd2 Qb6 17. Bd3 b4 18. Ne2 a5 19. Ng3 Rfd8 20. a3 Qb7 21. axb4 axb4 22. Qe3 Ra8 23. Qe1 Rxa1 24. Rxa1 Rb8 25. Qe3 Bd8 26. Qa7 Qxa7 27. Rxa7 Bb6 28. Ra6 Ng4 29. Be2 Nf6 30. Bxb4 Bd4 31. Bxd6 Rxb3 32. e5 Ne8 33. Ne4 Rb1+ 34. Bf1 f6 35. exf6 gxf6 36. Bc5 Be5 37. Nd2 Rd1 38. Nf3 Bd6 39. Be3 e5 40. Ra2 Be6 41. Rc2 Bb4 42. h3 Nd6 43. c5 Bc4 44. Nh2 Bxf1 45. Nxf1 Nf5 46. c6 Rd8 47. Bb6 Rc8 48. Ne3 Nd4 49. Rc4 Nxc6 50. Nd5 Bf8 51. Nxf6+ Kg7 52. Nd7 Bd6 53. Be3 Ne7 54. Rg4+ Kf7 55. Nb6 Rc6 56. Nc4 Bc7 57. Re4 Ng6 58. g3 h5 59. Kg2 Ke6 60. Nd2 Ba5 61. Nf3 Bc3 62. Ra4 Kf5 63. Nh4+ Nxh4+ 64. Rxh4 Kg6 65. g4 1-0